 Dungeon Crawl Stone Soup version 0.24.0-37-gcf1ca852f1 (webtiles) character file.

Game seed: 2143956006715594811, levelgen mode: deterministic

599 Meoo the Magician (level 7, -5/32 HPs)
             Began as a Spriggan Enchanter on Nov 29, 2019.
             Slain by a worm (10 damage)
             ... on level 5 of the Dungeon.
             The game lasted 00:41:42 (7219 turns).

Meoo the Magician (Spriggan Enchanter)              Turns: 7219, Time: 00:41:42

Health: -5/32      AC:  7    Str:  8    XL:     7   Next: 17%
Magic:  6/17       EV: 20    Int: 17    God:
Gold:   174        SH:  0    Dex: 18    Spells: 6/18 levels left

rFire    . . .     SeeInvis +   a - +1 dagger
rCold    . . .     Gourm    .   (shield restricted)
rNeg     . . .     Faith    .   r - +0 robe
rPois    .         Spirit   .   (helmet restricted)
rElec    .         Reflect  .   c - +2 cloak
rCorr    .         Harm     .   (gloves unavailable)
MR       +....                  (boots unavailable)
Stlth    ++........             (no amulet)
HPRegen  0.10/turn              f - +2 ring of protection
MPRegen  0.15/turn              i - +4 ring of strength

@: slow
A: very small, unfitting armour, see invisible, herbivore, speed 3, slow
metabolism 2
a: no special abilities


You were on level 5 of the Dungeon.
You were near starving.

You visited 1 branch of the dungeon, and saw 5 of its levels.

You collected 174 gold pieces.

Inventory:

Hand Weapons
 a - a +1 dagger (weapon)
Armour
 b - a +0 robe
 c - a +2 cloak (worn)
 r - a +0 robe (worn)
Jewellery
 f - a +2 ring of protection (left hand)
 g - an uncursed ring of protection from cold
 i - a +4 ring of strength (right hand)
 k - an uncursed ring of protection from cold
Scrolls
 j - 5 scrolls of identify
 m - 2 scrolls of blinking {unknown}
 o - 2 scrolls of enchant weapon {unknown}
 p - 2 scrolls of remove curse
 q - 2 scrolls of teleportation
Potions
 d - a potion of haste {unknown}
 e - a potion of heal wounds
 h - a potion of curing
 l - a potion of lignification {unknown}
 n - a potion of flight {unknown}
 s - 2 potions of berserk rage
Comestibles
 t - 2 rations


   Skills:
 + Level 3.2 Short Blades
 + Level 4.5 Dodging
 + Level 5.6 Stealth
 + Level 6.4 Spellcasting
 + Level 6.0 Hexes


You had 6 spell levels left.
You knew the following spells:

 Your Spells              Type           Power        Failure   Level  Hunger
a - Corona                Hex            ####...      1%          1    None
b - Magic Dart            Conj           #...         12%         1    None
c - Slow                  Hex            ####....     1%          2    None
d - Tukima's Dance        Hex            ####....     3%          3    ##.....
e - Confuse               Hex            ####....     3%          3    ##.....
f - Ensorcelled Hibernat  Hex/Ice        ###...       5%          2    None

Your spell library contained the following spells:

 Spells                   Type           Power        Failure   Level  Hunger
 Dazzling Spray           Conj/Hex       ###...       11%         3    ##.....
 Sandblast                Erth           #.....       12%         1    None
 Blink                    Tloc           N/A          19%         2    None
 Call Imp                 Summ           #.......     19%         2    None
 Passwall                 Tmut/Erth      #.......     19%         2    None
 Conjure Flame            Conj/Fire      #.......     36%         3    ##.....
 Mephitic Cloud           Conj/Pois/Air  #.......     36%         3    ##.....
 Stone Arrow              Conj/Erth      #.....       36%         3    ##.....
 Petrify                  Tmut/Erth      #.......     77%         4    ####...
 Lee's Rapid Deconstruct  Erth           #.........   98%         5    #####..


Dungeon Overview and Level Annotations

Branches:
Dungeon (5/15)
 Temple: D:4-7

Altars:
Gozag
Makhleb
Nemelex Xobeh
Qazlal
Ru
Sif Muna
Wu Jian
Xom
Zin


Innate Abilities, Weirdness & Mutations

You are very small and have problems with some larger weapons.
You are too small for most types of armour.
You have supernaturally acute eyesight. (SInv)
You are a herbivore.
You cover ground extremely quickly.
You need to consume almost no food.


Message History

Aim: a worm (chance to defeat MR: 74%)
The worm struggles to resist.
The worm bites you.
You hit the worm.
The worm is lightly wounded.
You hit the worm.
The worm is lightly wounded.
The worm misses you.
You hit the worm.
The worm is lightly wounded.
You hit the worm.
The worm is moderately wounded.
The worm barely misses you. The river rat bites you!
You hit the worm.
The worm is moderately wounded.
You hit the worm.
The worm is heavily wounded.
The river rat bites you!
* * * LOW HITPOINT WARNING * * *
The worm bites you!
You die...

## #.......########
#..............##
#.......######..#
#..............S#
########.....≈.....#
.... #.≈.≈≈≈≈≈...#
.... #≈≈#†#≈######
.... #≈≈≈≈≈≈≈≈≈#
#### #########@#
#≈≈≈≈rw# #≈#≈#### #


You could see a worm and a river rat.

Vanquished Creatures
  A phantom (D:4)
  A scorpion (D:4)
  An orc priest (D:3)
  2 hounds
  An orc wizard (D:3)
  A centaur skeleton (D:4)
  An iguana (D:2)
  A worker ant (D:3)
  9 adders
  2 gnolls (D:4)
  2 oozes (D:1)
  3 worms
  3 leopard geckos (D:3)
  8 orcs
  5 bats
  3 giant cockroaches
  7 goblins
  9 hobgoblins
  4 jackals (D:3)
  3 quokkas
  2 ball pythons (D:2)
  4 frilled lizards
  4 kobolds
  A leopard gecko skeleton (D:3)
  10 rats
88 creatures vanquished.

Vanquished Creatures (collateral kills)
  An ogre (D:4)
  An orc priest (D:3)
  A gnoll (D:4)
  An adder (D:4)
  2 orcs (D:3)
  A kobold (D:3)
7 creatures vanquished.

Vanquished Creatures (others)
  6 dancing weapons
6 creatures vanquished.

Grand Total: 101 creatures vanquished

Notes
Turn   | Place    | Note
-------+----------+-------------------------------------------
     0 | D:1      | Meoo the Spriggan Enchanter began the quest for the Orb.
     0 | D:1      | Reached XP level 1. HP: 9/9 MP: 5/5
    85 | D:1      | Reached skill level 5 in Stealth
   372 | D:1      | Reached XP level 2. HP: 12/13 MP: 4/7
  1174 | D:2      | Learned a level 1 spell: Magic Dart
  1177 | D:2      | Learned a level 2 spell: Slow
  1199 | D:2      | Reached XP level 3. HP: 14/16 MP: 5/8
  1709 | D:2      | Learned a level 3 spell: Tukima's Dance
  1715 | D:2      | Found an ornate altar of the Wu Jian Council.
  1879 | D:2      | Found a stormy altar of Qazlal.
  1880 | D:2      | Found a sparkling altar of Nemelex Xobeh.
  1880 | D:2      | Found a sacrificial altar of Ru.
  1881 | D:2      | Found an opulent altar of Gozag.
  2595 | D:2      | Reached XP level 4. HP: 19/21 MP: 5/10
  3569 | D:3      | Found a burning altar of Makhleb.
  3625 | D:3      | Reached XP level 5. HP: 20/24 MP: 10/12
  3787 | D:3      | Learned a level 3 spell: Confuse
  4146 | D:3      | Reached skill level 5 in Spellcasting
  4376 | D:3      | Reached skill level 5 in Hexes
  4686 | D:3      | Reached XP level 6. HP: 26/28 MP: 9/15
  5281 | D:4      | Found a shimmering blue altar of Sif Muna.
  6059 | D:4      | Found a shimmering altar of Xom.
  6067 | D:4      | Learned a level 2 spell: Ensorcelled Hibernation
  6825 | D:4      | Reached XP level 7. HP: 18/32 MP: 7/17
  7105 | D:5      | Entered Level 5 of the Dungeon
  7155 | D:5      | Found a glowing silver altar of Zin.
  7219 | D:5      | Slain by a worm

Levels and vault maps discovered:
D:1:      wheals_arrival_shading, layout_basic, corner_web_ring
D:2:      layout_loops_ring, chequers_temple_overflow_statue_of_worship,
          lemuel_round_altar, serial_glass, glass_columns_b, glass_columns_c,
          first_ration, hangedman_decor_riveting
D:3:      layout_basic, makhleb_blood_cavern_becter
D:4:      layout_rooms, grunt_temple_overflow_open
D:5:      layout_rooms, yredelemnul_forgotten_temple_becter,
          nicolae_tso_carved_into_rock, basic_altar, lightli_sewer_entry_pipes

Skill      XL: |  1  2  3  4  5  6  7 |
---------------+----------------------+-----
Stealth        | 5 |  5.6
Spellcasting   | 3 4 5 6 |  6.4
Hexes          | 4 5 6 |  6.0
Short Blades   | 2 3 |  3.2
Dodging        | 4 |  4.5

Action                   |  1- 3 |  4- 6 |  7- 9 || total
-------------------------+-------+-------+-------++-------
Melee: Dagger            |   175 |   574 |    38 ||   787
 Cast: Corona            |    12 |    33 |       ||    45
       Slow              |    12 |    40 |     1 ||    53
       Magic Dart        |    15 |    74 |    15 ||   104
       Tukima's Dance    |     2 |    25 |       ||    27
       Confuse           |       |     9 |       ||     9
  Use: Potion            |       |     3 |     1 ||     4
       Scroll            |       |       |     3 ||     3
 Stab: Sleeping          |     5 |     1 |       ||     6
       Confused          |       |     3 |       ||     3
  Eat: Ration            |       |     4 |       ||     4
Armor: Robe              |    37 |    71 |     5 ||   113
Dodge: Dodged            |   110 |   433 |    25 ||   568
